 Dungeon Crawl Stone Soup version 0.30.0-29-ga12c61a403 (webtiles) character file.

Game seed: 1649141572637583208

207139 Gabide the Devastator (level 17, -1/146 HPs)
             Began as a Demigod Conjurer on June 5, 2023.
             Slain by a naga
             ... wielding a +0 battleaxe
              (14 damage)
             ... on level 3 of the Snake Pit on June 6, 2023.
             The game lasted 02:02:37 (47073 turns).

Gabide the Devastator (Demigod Conjurer)           Turns: 47073, Time: 02:02:37

Health: -1/146     AC: 19    Str:  8    XL:     17   Next: 46%
Magic:  19/47      EV: 11    Int: 43    God:
Gold:   1053       SH:  0    Dex: 12    Spells: 5/40 levels left

rFire   . . .        a - staff of earth
rCold   . . .        (no shield)
rNeg    . . .        D - +5 ring mail {Will+}
rPois   +            i - +2 hat {Int+3}
rElec   .            A - +2 cloak {rCorr}
rCorr   +            (no gloves)
SInv    .            w - +2 pair of boots
Will    ++...        O - amulet of magic regeneration
Stlth   +            F - ring of poison resistance
HPRegen 0.44/turn    L - ring of magical power
MPRegen 0.70/turn

%: no passive effects
@: constricted, studying Ice Magic
A: high MP 1, forlorn, divine attributes
}: 1/15 runes: decaying
a: no special abilities


You were on level 3 of the Snake Pit.
You visited 5 branches of the dungeon, and saw 29 of its levels.
You also visited: Ice Cave.

You collected 3468 gold pieces.
You spent 2415 gold pieces at shops.

Inventory:

Hand Weapons
 b - the +10 quarterstaff of the Gazing Gods {venom, Dex+2}
   (You found it on level 7 of the Dungeon)

   Dex:       It affects your dexterity (+2).
Missiles
 Y - a throwing net
Armour
 i - a +2 hat of intelligence (worn)
 w - a +2 pair of boots (worn)
 A - a +2 cloak of preservation (worn)
 D - a +5 ring mail of willpower (worn)
 M - a scarf of resistance
Magical Staves
 a - a staff of earth (weapon)
Jewellery
 q - a ring of see invisible
 x - a ring of ice
 F - a ring of poison resistance (left hand)
 L - a ring of magical power (right hand)
 N - the ring "Obbiz" {*Corrode rN+ EV+5 Int+3}
   (You bought it in a shop on level 2 of the Orcish Mines)

   [ring of evasion]

   EV:        It affects your evasion (+5).
   Int:       It affects your intelligence (+3).
   rN:        It protects you from negative energy.
   *Corrode:  It may corrode you when you take damage.
 O - an amulet of magic regeneration (around neck)
 V - a ring of willpower
 Z - the ring of Freedom {rF+ rCorr}
   (You found it on level 3 of the Swamp)

   [ring of resist corrosion]

   rF:        It protects you from fire.
   rCorr:     It protects you from acid and corrosion.
Wands
 k - a wand of paralysis (33)
 l - a wand of iceblast (10)
 n - a wand of flame (27)
 C - a wand of quicksilver (41)
 G - a wand of polymorph (12)
 I - a wand of mindburst (6)
 X - a wand of digging (4)
Scrolls
 c - 8 scrolls of teleportation
 e - 4 scrolls of fog
 f - 8 scrolls of identify
 m - 3 scrolls of poison
 v - 7 scrolls of amnesia
 y - 3 scrolls of blinking
 z - a scroll of magic mapping
 P - 9 scrolls of enchant armour
 U - a scroll of fear
Potions
 d - 5 potions of brilliance
 g - 12 potions of curing
 h - 5 potions of cancellation
 j - 6 potions of heal wounds
 o - a potion of berserk rage
 p - 5 potions of flight
 r - 4 potions of mutation
 s - 3 potions of invisibility
 u - 5 potions of lignification
 T - 3 potions of haste
 W - 2 potions of ambrosia
Miscellaneous
 B - a box of beasts
 H - a lightning rod (4/4)
 J - a phantom mirror
 K - a tin of tremorstones (2/2)
 R - a phial of floods


   Skills:
 - Level 12.0 Fighting
 + Level 8.5 Staves
 - Level 6.0 Armour
 - Level 12.0 Dodging
 - Level 3.0 Stealth
 - Level 12.0 Spellcasting
 - Level 15.0 Conjurations
 - Level 15.0 Earth Magic


You had 5 spell levels left.
You knew the following spells:

 Your Spells              Type           Power      Damage    Failure   Level
a - Magic Dart            Conj           100%       1d8       0%          1
b - Searing Ray           Conj           100%       2d8       0%          2
c - Lee's Rapid Deconstr  Erth           62%        3d28*     1%          5
d - Fulminant Prism       Conj/Hex       37%        3d17      1%          4
e - Iskenderun's Mystic   Conj/Tloc      74%        2d15      1%          4
f - Flame Wave            Conj/Fire      74%        2d16      1%          4
g - Sticky Flame          Conj/Fire      74%        2d9       1%          4
h - Iron Shot             Conj/Erth      62%        9d12      1%          6
i - Borgnjor's Vile Clut  Necr/Erth      47%        N/A       4%          5

Your spell library contained the following spells:

 Spells                   Type           Power      Damage    Failure   Level
 Passwall                 Tmut/Erth      78%        N/A       1%          2
 Dazzling Flash           Conj/Hex       100%       N/A       1%          3
 Hailstorm                Conj/Ice       74%        3d15      1%          3
 Mephitic Cloud           Conj/Pois/Air  62%        N/A       1%          3
 Animate Armour           Summ/Erth      100%       N/A       1%          4
 Leda's Liquefaction      Hex/Erth       47%        N/A       1%          4
 Petrify                  Tmut/Erth      94%        N/A       1%          4
 Freeze                   Ice            100%       1d10      3%          1
 Necrotise                Necr           100%       1d9       3%          1
 Call Imp                 Summ           50%        N/A       4%          2
 Ensorcelled Hibernation  Hex/Ice        50%        N/A       4%          2
 Call Canine Familiar     Summ           25%        N/A       10%         3
 Confusing Touch          Hex            25%        N/A       10%         3
 Frozen Ramparts          Ice            50%        1d8       10%         3
 Inner Flame              Hex/Fire       25%        N/A       10%         3
 Ozocubu's Armour         Ice            25%        N/A       10%         3
 Portal Projectile        Hex/Tloc       50%        N/A       10%         3
 Swiftness                Air            25%        N/A       10%         3
 Anguish                  Hex/Necr       12%        N/A       30%         4
 Animate Dead             Necr           25%        N/A       30%         4
 Cause Fear               Hex            12%        N/A       30%         4
 Dispel Undead            Necr           25%        3d12      30%         4
 Ice Form                 Ice/Tmut       25%        N/A       30%         4
 Summon Lightning Spire   Summ/Air       25%        N/A       30%         4
 Agony                    Necr           25%        N/A       65%         5
 Blade Hands              Tmut           12%        N/A       65%         5
 Metabolic Englaciation   Hex/Ice        12%        N/A       65%         5
 Silence                  Hex/Air        12%        N/A       65%         5
 Summon Forest            Summ/Tloc      12%        N/A       65%         5
 Summon Mana Viper        Hex/Summ       25%        N/A       65%         5
 Statue Form              Tmut/Erth      62%        N/A       22%         6
 Death Channel            Necr           12%        N/A       99%         6
 Plasma Beam              Fire/Air       12%        2x1d26    99%         6
 Simulacrum               Ice/Necr       12%        N/A       99%         6
 Summon Cactus Giant      Summ           12%        N/A       99%         6
 Enfeeble                 Hex            12%        N/A       100%        7
 Haunt                    Necr/Summ      12%        N/A       100%        7
 Storm Form               Tmut/Air       12%        N/A       100%        7
 Maxwell's Capacitive Co  Air            12%        ∞         100%        8


Dungeon Overview and Level Annotations

Branches:
Dungeon (15/15)            Temple (0/1) D:6            Lair (5/5) D:11
  Swamp (4/4) Lair:3        Snake (3/4) Lair:3        Slime (0/5) Lair:4
    Orc (2/2) D:9             Elf (0/3) Orc:2        Vaults (0/5) D:13
 Depths (0/4) D:15          IceCv (visited)

Shops:
Orc:1 *   Orc:2 (:?=*   Snake:1 =*   Snake:3 *

Annotations:
Snake:2 2 transporters, Sagen's ghost, adept DrCj


Innate Abilities, Weirdness & Mutations

You have an increased reservoir of magic. (+10% MP)
You shall have no god before yourself.
Your divine heritage dramatically boosts your attributes as you level up.


Message History

Okay, then.
Unknown command.
Unknown command.
Aiming: Iron Shot (mildly dangerous; 1% risk of failure)
Press: ? - help, Q - select action, (/) - cycle Shift-Dir - straight line, f - naga warrior, p - naga warrior
Aim: a naga warrior, wielding a +1 glaive of venom and wearing a +0 robe (constricting you, strong, 81% to hit)
You feel a surge of power!
The iron shot hits the naga warrior!!!
The naga warrior is severely wounded.
The naga hits you with a +0 battleaxe. The naga warrior closely misses you.
The mana viper closely misses you.
The naga warrior hits you with a +1 glaive of venom!!!
The naga warrior constricts you.
Aiming: Iron Shot (mildly dangerous; 1% risk of failure)
Press: ? - help, Q - select action, (/) - cycle Shift-Dir - straight line, f/p - naga warrior
Aim: a naga warrior, wielding a +1 glaive of venom and wearing a +0 robe (severely wounded, constricting you, strong, 81% to hit)
You feel a surge of power!
The iron shot hits the naga warrior!!!
You kill the naga warrior!
The mana viper barely misses you. The naga closely misses you.
The naga grabs you. The naga constricts you.
The naga warrior hits you but does no damage.
The guardian serpent hits you but does no damage.
The mana viper bites you but does no damage.
Aiming: Iron Shot (mildly dangerous; 1% risk of failure)
Press: ? - help, Q - select action, (/) - cycle Shift-Dir - straight line, f - naga warrior
Aim: a naga warrior, wielding a +0 antimagic war axe (severely wounded, 81% to hit)
You feel a surge of power!
The iron shot misses the naga warrior.
The guardian serpent hits you but does no damage.
The naga hits you with a +0 battleaxe! The naga constricts you.
The naga warrior hits you with a +0 antimagic war axe!!
* * * LOW HITPOINT WARNING * * *
You feel your power leaking away.
The mana viper bites you but does no damage.
The guardian serpent hits you!!
* * * LOW HITPOINT WARNING * * *
Blink to where?
Press: ? - help, Dir - move target, p - naga warrior The naga's grasp on you weakens, but your attempt to escape fails.
As you read the scroll of blinking, it crumbles to dust.
The naga hits you with a +0 battleaxe!
You die...

**,,,,***,,*,<,*,,,,,,*,,,,,**
*,,,,,,***,*,,,*,,,,,,*,,,,.#*
*,,,,,,,**,*****,,,,,,*****#.* **
*,,,,,.,****,,,,,,,,,,*#####.#
,***,,,,,..###,***,,,,,,,##......
,,,,,,,,,.....####******,#.......
**,,,,,,,........######*##.......
**,,,,,,,......N.N....###........
*,,,,,,,,......S@.......#........
,,,,,,,,,......S.)...............
,**,,,,,,..................#.....
,**,,,,,,##..............##.#..#.
,****,****#.###.........###..####
,* *** #.** #####.....# #### **
#** #######


You could see a naga warrior, a mana viper, a guardian serpent and a naga.

Vanquished Creatures
  the Lernaean hydra (Swamp:4)
  Vashnia (Snake:2)
  Jorgrun (D:13)
  Kirke (Swamp:1)
  Gastronok (D:8)
  Agnes (Snake:2)
  A thorn hunter (Swamp:2)
  3 fenstrider witches
  A caustic shrike zombie (D:15)
  A juggernaut zombie (D:15)
  3 ghouls (Swamp:2)
  An orc warlord (Orc:1)
  2 eleionomae
  3 bunyips
  The ghost of kthxbai the Grappler, a journeyman VSFi of Okawaru (Orc:1)
  3 fire dragons
  A vault guard (D:13)
  30 hydras
  3 ogre magi (D:14)
  2 catoblepae
  3 anacondas (Snake:2)
  4 boulder beetles
  A death knight (D:13)
  A ghost crab (Swamp:3)
  8 centaur warriors
  12 alligators
  4 tengu warriors
  4 two-headed ogres
  An orc high priest (Orc:2)
  5 death yaks (Lair:4)
  5 naga warriors
  6 shock serpents
  6 naga sharpshooters
  2 salamander mystics
  2 skysharks
  Amaemon (Lair:1)
  3 sea snakes (Snake:1)
  3 skeletal warriors
  A golden dragon zombie (D:15)
  6 goliath frogs
  4 spriggan druids
  6 bog bodies
  12 swamp dragons
  2 lindwurms (Lair:5)
  A flayed ghost (D:15)
  8 orc knights (Orc:2)
  3 naga ritualists
  2 necromancers
  10 mana vipers
  5 deep elf pyromancers
  10 ugly things
  3 orc sorcerers (Orc:2)
  12 cyclopes
  3 will-o-the-wisps
  5 manticores
  9 elephants
  9 salamanders
  An ice statue (IceCv)
  2 guardian serpents
  6 torpor snails
  7 naga magi
  3 slime creatures
  A black mamba (shapeshifter) (D:15)
  Joseph (D:8)
  2 gargoyles (D:12)
  17 black mambas
  An unseen horror (shapeshifter) (D:14)
  4 unseen horrors
  An orange demon (Lair:1)
  3 kobold demonologists (D:10)
  5 rime drakes
  Maggie (D:7)
  10 cane toads
  7 freezing wraiths
  9 komodo dragons
  A yaktaur (D:15)
  Psyche (D:8)
  2 anaconda simulacra (IceCv)
  12 ice devils (IceCv)
  A tengu conjurer (D:10)
  6 trolls
  3 polar bears
  3 bloated husks
  17 tyrant leeches
  A spriggan zombie (D:15)
  14 hornets
  7 saltlings (Orc:2)
  24 blink frogs
  14 dream sheep (Lair:3)
  6 spriggans
  3 dire elephant simulacra (IceCv)
  3 wyverns
  A vampire (D:12)
  A fire bat (shapeshifter) (D:13)
  4 wraiths
  4 basilisks
  37 yaks
  4 fire bats (Lair:3)
  2 hogs (Swamp:1)
  A fire elemental (Lair:2)
  6 death yak simulacra (IceCv)
  13 vampire mosquitoes
  17 nagas
  4 steam dragons
  2 harpy simulacra (IceCv)
  2 wargs
  22 swamp worms
  4 acid dragons
  2 floating eyes (D:14)
  21 water moccasins
  7 swamp drakes
  24 orc warriors
  A black bear (D:4)
  3 sky beasts
  3 ice beasts
  17 wolves
  8 ogres
  A phantom (D:4)
  13 centaurs
  4 kobold brigands
  10 bullfrogs
  A scorpion (Lair:1)
  22 wights
  3 cane toad simulacra (IceCv)
  5 elephant simulacra (IceCv)
  2 electric eels (Snake:1)
  5 howler monkeys
  A crimson imp (D:5)
  3 lava snakes (Lair:3)
  8 hounds
  A jelly (D:5)
  26 orc priests
  Crazy Yiuf (D:7)
  2 gnoll boudas (D:9)
  7 iguanas
  3 sleepcaps
  24 orc wizards
  4 hell rats (Lair:5)
  A spriggan simulacrum (IceCv)
  2 troll simulacra (IceCv)
  4 polar bear simulacra (IceCv)
  2 wolf simulacra (IceCv)
  A centaur simulacrum (D:10)
  Robin (D:4)
  14 gnolls
  8 adders
  2 shadow imps (D:7)
  2 white imps
  5 ufetubi
  2 worms (D:3)
  2 dart slugs
  63 orcs
  7 endoplasms
  4 giant cockroaches
  13 goblins
  7 hobgoblins
  4 jackals (D:1)
  12 kobolds
  2 quokkas
  5 ball pythons
  7 bats
  4 rats
972 creatures vanquished.

Vanquished Creatures (others)
  A swamp drake (Swamp:2)
  A fire vortex (Lair:3)
  6 foxfires
  54 fulminant prisms
62 creatures vanquished.

Grand Total: 1034 creatures vanquished

Notes
Turn   | Place    | Note
-------+----------+-------------------------------------------
     0 | D:1      | Gabide the Demigod Conjurer began the quest for the Orb.
     0 | D:1      | Reached XP level 1. HP: 14/14 MP: 5/5
   321 | D:1      | Reached XP level 2. HP: 22/22 MP: 5/7
  1221 | D:2      | Reached XP level 3. HP: 27/27 MP: 2/8
  1441 | D:2      | Noticed an ogre
  1461 | D:2      | Killed an ogre
  1462 | D:2      | Reached skill level 1 in Fighting
  1462 | D:2      | Reached XP level 4. HP: 35/35 MP: 0/10
  1646 | D:2      | Learned a level 2 spell: Searing Ray
  2966 | D:3      | Reached XP level 5. HP: 41/41 MP: 8/11
  3371 | D:3      | Reached skill level 5 in Conjurations
  3587 | D:4      | Noticed Robin
  3724 | D:4      | Killed Robin
  4033 | D:4      | Reached XP level 6. HP: 36/50 MP: 0/13
  4347 | D:5      | Entered Level 5 of the Dungeon
  4602 | D:5      | Reached skill level 1 in Armour
  4646 | D:5      | Reached XP level 7. HP: 57/57 MP: 7/14
  5714 | D:6      | Noticed a steam dragon
  5731 | D:6      | Killed a steam dragon
  5930 | D:6      | Reached XP level 8. HP: 64/64 MP: 12/16
  6134 | D:6      | Found a staircase to the Ecumenical Temple.
  6252 | D:6      | Noticed a skeletal warrior
  6574 | D:7      | Identified the +10 quarterstaff of the Gazing Gods {venom,
                  | Dex+2}
  6656 | D:7      | Learned a level 3 spell: Dazzling Flash
  7165 | D:7      | Noticed Maggie
  7181 | D:7      | Killed Maggie
  7929 | D:7      | Found a runed translucent door.
  7930 | D:7      | Noticed Crazy Yiuf
  7936 | D:7      | Killed Crazy Yiuf
  8085 | D:8      | Reached XP level 9. HP: 72/72 MP: 11/19
  8411 | D:8      | Noticed Joseph
  8430 | D:8      | Reached skill level 5 in Fighting
  8434 | D:8      | Noticed Gastronok
  8456 | D:7      | Reached skill level 5 in Dodging
  8531 | D:7      | Learned a level 4 spell: Fulminant Prism
  8536 | D:7      | Learned a level 4 spell: Iskenderun's Mystic Blast
  8631 | D:8      | Killed Gastronok
  8632 | D:8      | Reached skill level 5 in Spellcasting
  8965 | D:8      | Noticed Psyche
  8972 | D:8      | Killed Psyche
  9042 | D:8      | Noticed a two-headed ogre
  9259 | D:7      | Killed a two-headed ogre
  9260 | D:7      | Reached XP level 10. HP: 83/83 MP: 2/22
  9483 | D:8      | Noticed a cyan ugly thing
  9484 | D:8      | Noticed a white ugly thing
  9487 | D:8      | Noticed a cyclops
  9505 | D:8      | Killed a cyan ugly thing
  9523 | D:8      | Killed a cyclops
  9524 | D:8      | Reached skill level 10 in Conjurations
  9750 | D:8      | Noticed a cyclops
  9757 | D:8      | Killed a cyclops
  9861 | D:8      | Got the Octavo of Enthralling Malevolent Magic
  9954 | D:8      | Killed Joseph
  9991 | D:8      | Noticed a cyclops
 10077 | D:8      | Killed a cyclops
 10309 | D:8      | Learned a level 4 spell: Flame Wave
 10514 | D:8      | Noticed a centaur warrior
 10531 | D:8      | Killed a centaur warrior
 10801 | D:6      | Killed a skeletal warrior
 11441 | D:9      | Reached XP level 11. HP: 89/89 MP: 13/24
 11802 | D:9      | Found a staircase to the Orcish Mines.
 11818 | D:9      | Reached skill level 5 in Armour
 12922 | D:10     | Entered Level 10 of the Dungeon
 12930 | D:10     | Reached skill level 1 in Staves
 13821 | D:10     | Reached skill level 5 in Staves
 13861 | D:10     | Identified the scarf "Kabruydd" {shadows, Rampage rPois rF+
                  | Int-5}
 14637 | D:11     | Noticed a two-headed ogre
 14649 | D:10     | Killed a two-headed ogre
 14786 | D:11     | Noticed a two-headed ogre
 14929 | D:11     | Killed a two-headed ogre
 14930 | D:11     | Reached XP level 12. HP: 90/97 MP: 13/25
 15329 | D:11     | Found a staircase to the Lair.
 15383 | Lair:1   | Entered Level 1 of the Lair of Beasts
 15577 | Lair:1   | Noticed Amaemon
 15595 | Lair:1   | Killed Amaemon
 15739 | Lair:1   | Got the Atlas of Congregated Cinders
 15745 | Lair:1   | Learned a level 4 spell: Sticky Flame
 16716 | Lair:2   | Identified the +10 hand axe "Lab Duuf" {heavy, *Slow rElec
                  | rPois rF+}
 18749 | Lair:3   | Noticed a six-headed hydra
 18764 | Lair:3   | Killed a six-headed hydra
 18768 | Lair:3   | Reached XP level 13. HP: 18/107 MP: 2/29
 19129 | Lair:3   | Found a staircase to the Swamp.
 19451 | Lair:3   | Found a staircase to the Snake Pit.
 20159 | Lair:4   | Found a staircase to the Slime Pits.
 21091 | Lair:5   | Entered Level 5 of the Lair of Beasts
 21744 | Lair:5   | Reached skill level 15 in Conjurations
 21877 | Lair:5   | Reached skill level 1 in Earth Magic
 22362 | Lair:5   | Identified the +7 war axe of the Queens {freeze, *Slow rN+
                  | MP+9 Dex+3}
 22634 | Lair:5   | Found a runed translucent door.
 22733 | Lair:5   | Reached XP level 14. HP: 118/118 MP: 4/31
 22945 | Lair:5   | Reached skill level 5 in Earth Magic
 23990 | Lair:5   | Learned a level 6 spell: Iron Shot
 24497 | D:12     | Found a frozen archway.
 24580 | IceCv    | Entered an ice cave
 24760 | IceCv    | Learned a level 5 spell: Lee's Rapid Deconstruction
 26439 | IceCv    | Got the Almanac of the Sinister Iceberg
 27437 | Orc:1    | Entered Level 1 of the Orcish Mines
 27663 | Orc:1    | Found Cihiham's General Store.
 27724 | Orc:1    | Bought a scroll of butterflies for 40 gold pieces
 27824 | Orc:1    | Found a runed translucent door.
 27827 | Orc:1    | Noticed kthxbai's ghost (journeyman VSFi)
 28449 | Orc:1    | Killed kthxbai's ghost
 28450 | Orc:1    | Reached skill level 10 in Earth Magic
 28552 | Orc:2    | Entered Level 2 of the Orcish Mines
 28596 | Orc:2    | Found Esaanas's Mayhem Merchandise.
 29529 | Orc:2    | Noticed an orc warlord
 29653 | Orc:1    | Killed an orc warlord
 29808 | Orc:2    | Found a staircase to the Elven Halls.
 30435 | Orc:2    | Found Kinliumau's Jewellery Shoppe.
 30453 | Orc:2    | Found Ufeic's Book Boutique.
 30477 | Orc:2    | Found Qetadod's Weapon Boutique.
 30496 | Orc:2    | Found Zodianyw's Magic Scroll Shop.
 30518 | Orc:2    | Bought a scroll of enchant armour for 120 gold pieces
 30518 | Orc:2    | Bought a scroll of enchant weapon for 120 gold pieces
 30518 | Orc:2    | Bought a scroll of enchant armour for 120 gold pieces
 30518 | Orc:2    | Bought a scroll of noise for 16 gold pieces
 30552 | Orc:2    | Bought the ring "Obbiz" {*Corrode rN+ EV+5 Int+3} for 718
                  | gold pieces
 30632 | Orc:1    | Bought a phial of floods for 400 gold pieces
 30632 | Orc:1    | Bought a potion of curing for 30 gold pieces
 30632 | Orc:1    | Bought a potion of heal wounds for 50 gold pieces
 31189 | D:13     | Reached XP level 15. HP: 124/124 MP: 28/32
 31625 | D:13     | Noticed Jorgrun
 31628 | D:13     | Killed Jorgrun
 32201 | D:13     | Found a gate to the Vaults.
 32996 | D:14     | Noticed a fenstrider witch
 32997 | D:14     | Killed a fenstrider witch
 33856 | D:15     | Entered Level 15 of the Dungeon
 34541 | D:15     | Found a staircase to the Depths.
 35345 | D:15     | Reached skill level 15 in Earth Magic
 35849 | Swamp:1  | Entered Level 1 of the Swamp
 36585 | Swamp:1  | Noticed Kirke
 36603 | Swamp:1  | Killed Kirke
 37073 | Swamp:2  | Reached skill level 10 in Spellcasting
 37624 | Swamp:2  | Reached XP level 16. HP: 116/132 MP: 35/35
 37971 | Swamp:2  | Paralysed by a hornet for 1 turns
 39670 | Swamp:3  | Reached skill level 10 in Fighting
 39914 | Swamp:3  | Learned a level 5 spell: Borgnjor's Vile Clutch
 40451 | Swamp:3  | Identified the ring of Freedom {rF+ rCorr}
 40632 | Swamp:4  | Entered Level 4 of the Swamp
 40897 | Swamp:4  | Identified the amulet of Woud {Faith Harm rF++}
 42173 | Swamp:4  | Noticed the 27-headed Lernaean hydra
 42182 | Swamp:4  | Killed the 27-headed Lernaean hydra
 42369 | Swamp:4  | Got a decaying rune of Zot
 43016 | Snake:1  | Entered Level 1 of the Snake Pit
 43019 | Snake:1  | Reached skill level 10 in Dodging
 43441 | Snake:1  | Found Ydyomm's Jewellery Boutique.
 43446 | Snake:1  | Found Sufeis's General Store.
 43460 | Snake:1  | Bought an amulet of magic regeneration for 450 gold pieces
 43480 | Snake:1  | Bought a potion of haste for 180 gold pieces
 43577 | Snake:1  | Reached XP level 17. HP: 115/146 MP: 10/38
 44689 | Snake:2  | Found a transporter.
 44692 | Snake:2  | Noticed Sagen's ghost (adept DrCj)
 45082 | Snake:2  | Found a transporter.
 45540 | Snake:2  | You fall into a shaft and drop 1 floor!
 45693 | Snake:2  | Noticed Vashnia
 45694 | Snake:2  | Noticed Agnes
 45950 | Snake:2  | Killed Agnes
 46083 | Snake:2  | Killed Vashnia
 47028 | Snake:3  | Found Soamin's General Store.
 47039 | Snake:3  | Bought a potion of brilliance for 76 gold pieces
 47039 | Snake:3  | Bought a potion of heal wounds for 95 gold pieces
 47073 | Snake:3  | Slain by a naga

Illustrated notes

Levels and vault maps discovered:
D:1:      dpeg_arrival_renting, layout_basic, serial_park_tiny_1,
          serial_park_tiny_pond, minmay_misc_feat_square,
          chequers_serial_rivers_micro_e
D:2:      layout_loops_ring
D:3:      layout_basic, okawaru_ov_weapons_minmay, grunt_qazlal_clouds,
          shapermc_ecumenical_altar_mp_ritualfount
D:4:      layout_rooms, minmay_vboxes, uniq_robin
D:5:      layout_loops_ring, makhleb_grotto_becter, mainiacjoe_overflow_paths
D:6:      layout_cave_pools, nicolae_overflow_hidden_temple,
          amethyst_overflow_temple_binary, temple_green,
          minmay_chambers_of_fives
D:7:      layout_loops_ring, uniq_crazy_yiuf_cottage, uniq_maggie
D:8:      minmay_the_grid_triangle_9x9_recursive_2
          [minmay_the_grid_triangle_9x9_prize_schism,
          minmay_the_grid_triangle_9x9_dagger,
          minmay_the_grid_triangle_9x9_descending_squares,
          minmay_the_grid_triangle_9x9_from_above], layout_cave_pools,
          cheibrodos_ashenzari_chains, serial_glass, glass_columns_a,
          glass_columns_a, glass_columns_a, glass_columns_c, glass_columns_c,
          glass_columns_a, minmay_strange_pillars, hellmonk_bongcloud_opening,
          uniq_joseph, uniq_psyche, uniq_gastronok
D:9:      layout_loops_corners, erik_orc_4
D:10:     layout_cave_pods, lemuel_doored_altar, minmay_diamond_spiral
D:11:     layout_rooms, hellmonk_lair_entry_icy
D:12:     layout_basic, portal_ice_cave_rime, trog_ov_bears_minmay
D:13:     layout_loops_ring, david_vaults_5, nicolae_sif_muna_condensation,
          uniq_jorgrun
D:14:     hellmonk_paralyzer, layout_basic, hangedman_decor_opposing
D:15:     gammafunk_depths_entry_grave, layout_irregular_city
Lair:1:   layout_regular_city, wad_woods_03, uniq_amaemon
Lair:2:   layout_regular_city
Lair:3:   layout_gridlike, minmay_swamp_entry_worms,
          nicolae_snake_entry_warm_welcome, chequers_serial_rivers_large_b,
          infiniplex_staircase_pool
Lair:4:   layout_hall_layers, slime_entry_1, serial_forest,
          infiniplex_forest_straight_2, infiniplex_forest_clump_long,
          infiniplex_forest_clump_small, infiniplex_forest_lined_2,
          infiniplex_forest_lined_1, chequers_serial_rivers_room_b
Lair:5:   guppyfry_lair_end_dragon, layout_hall_layers, wormcave,
          grunt_megastairs_3
Swamp:1:  nicolae_swamp_decorative_isthmus, layout_falls_marsh,
          nicolae_swamp_ascending_descending, uniq_kirke
Swamp:2:  nzn_winding_woodlands_three_and_one
          [nzn_winding_woodlands_5x15_river_crossing,
          nzn_winding_woodlands_5x15_concentric,
          nzn_winding_woodlands_5x15_pockets,
          nzn_winding_woodlands_center_pierced_h], layout_falls_marsh,
          nicolae_swamp_stair_fork, swamp_pool1
Swamp:3:  layout_basic_swamp, evilmike_swamp_ruin_rubble_1, worms_lemuel
Swamp:4:  swamp_old_school, layout_basic_swamp
Snake:1:  layout_onion_interference, nicolae_snake_slithery_hallway,
          serial_bayou_shore_a, minmay_shoptagon
Snake:2:  layout_cave_town, gammafunk_ghost_wrathful_warriors,
          nicolae_snake_shapes, uniq_agnes, uniq_vashnia
Snake:3:  layout_chambers, serial_shops, shop, basic_altar, grunt_megastairs_4
Orc:1:    layout_caves, serial_shops, shop, hellmonk_ghost_happy_afterlife
Orc:2:    hellmonk_orc_salted, layout_diamond_mine, minmay_shop_mayhem,
          minmay_orc_keep

Skill      XL: |  1  2  3  4  5  6  7  8  9 10 11 12 13 14 15 16 17 |
---------------+----------------------------------------------------+-----
Dodging        | 2 3 4 5 6 7 9 10 12 | 12.0
Spellcasting   | 2 3 4 5 6 7 9 10 12 | 12.0
Conjurations   | 4 5 6 8 9 12 13 15 | 15.0
Fighting       | 1 2 3 4 5 6 7 9 12 | 12.0
Stealth        | 2 3 |  3.0
Armour         | 1 3 6 |  6.0
Staves         | 6 8 |  8.5
Earth Magic    | 4 11 15 | 15.0

Action                     |  1- 3 |  4- 6 |  7- 9 | 10-12 | 13-15 | 16-18 || total
---------------------------+-------+-------+-------+-------+-------+-------++-------
  Melee: Dagger            |     8 |     6 |     4 |       |       |       ||    18
         Quarterstaff      |       |       |    17 |    77 |   159 |    16 ||   269
         Staff             |       |       |       |       |    68 |    50 ||   118
         Punch             |       |       |       |       |     2 |     2 ||     4
   Cast: Magic Dart        |    53 |    47 |     3 |     2 |       |       ||   105
         Searing Ray       |       |    35 |    70 |    12 |       |       ||   117
         Fulminant Prism   |       |       |     9 |    16 |    27 |     2 ||    54
         Iskenderun's Myst |       |       |     4 |    32 |    36 |       ||    72
         Dazzling Flash    |       |       |     4 |     3 |     3 |       ||    10
         Flame Wave        |       |       |       |   119 |   107 |       ||   226
         Sticky Flame      |       |       |       |    13 |    39 |       ||    52
         Iron Shot         |       |       |       |       |   239 |   291 ||   530
         Lee's Rapid Decon |       |       |       |       |    59 |       ||    59
         Borgnjor's Vile C |       |       |       |       |       |    40 ||    40
  Evoke: Wand              |     2 |     1 |     4 |     3 |    11 |       ||    21
         Box of beasts     |       |       |       |       |     1 |       ||     1
    Use: Scroll            |       |    11 |    10 |    10 |    10 |     4 ||    45
         Potion            |       |       |     6 |     6 |     6 |     1 ||    19
   Stab: Paralysed         |       |     1 |     1 |     3 |    13 |       ||    18
         Sleeping          |       |     1 |       |       |       |       ||     1
         Invisible         |       |       |     1 |     2 |       |       ||     3
 Armour: Leather armour    |     2 |     2 |       |       |       |       ||     4
         Ring mail         |       |    27 |    11 |    35 |   330 |    89 ||   492
         Steam dragon scal |       |       |    64 |   126 |       |       ||   190
  Dodge: Dodged            |     8 |    41 |   113 |   259 |   469 |   133 ||  1023
